2191 views
Uploaded 2023-12-23 03:11:29
Game version 1.36 (6115)
14:45 long 1on1 custom game on w3c_s17.1_LastRefuge_v1.5
Game name "df"
Saved by dexon
2191 views
Uploaded 2023-12-23 03:11:29
Game version 1.36 (6115)
14:45 long 1on1 custom game on w3c_s17.1_LastRefuge_v1.5
Game name "df"

26 units @ 3.6k
/ 0.3k
14 buildings @ 1.5k
/ 0.5k


| Lesser Clarity Potion | 1 | 70 |
| Scroll of Regeneration | 1 | 100 |
| Scroll of Healing | 2 | 500 |
| Circlet of Nobility | 2 | 350 |
| Boots of Speed | 1 | 250 |
| Scroll of Protection | 1 | 150 |
| total: | 8 | 1420g |
| Peasant | 10 | 750 | / | 0 |
| Footman | 4 | 540 | / | 0 |
| Rifleman | 7 | 1435 | / | 210 |
| Priest | 2 | 270 | / | 20 |
| Spell Breaker | 3 | 645 | / | 90 |
| total: | 26 | 3640g | / | 320w |
| Scout Tower | 1 | 30 | / | 20 |
| Arcane Tower | 1 | 70 | / | 50 |
| Altar of Kings | 1 | 180 | / | 50 |
| Barracks | 1 | 160 | / | 60 |
| Farm | 7 | 560 | / | 140 |
| Blacksmith | 1 | 140 | / | 60 |
| Lumber Mill | 1 | 120 | / | 0 |
| Arcane Vault | 1 | 130 | / | 30 |
| Arcane Sanctum | 1 | 150 | / | 140 |
| Keep | 1 | 320 | / | 210 |
| total: | 14 | 1470g | / | 500w |
| 0:02 | Peasant |
| 0:02 | Peasant |
| 0:06 | Altar of Kings |
| 0:12 | Barracks |
| 0:16 | Farm |
| 0:25 | Peasant |
| 0:41 | Peasant |
| 0:51 | Peasant |
| 0:57 | Farm |
| 1:07 | Peasant |
| 1:16 | Footman |
| 1:23 | Peasant |
| 1:38 | Footman |
| 1:44 | Peasant |
| 2:09 | Peasant |
| 2:12 | Farm |
| 2:16 | Summon Water Elemental |
| 2:44 | Peasant |
| 2:47 | Keep |
| 3:05 | Farm |
| 3:20 | Blacksmith |
| 3:27 | Lumber Mill |
| 3:34 | Brilliance Aura |
| 3:38 | Footman |
| 4:02 | Footman |
| 4:24 | Farm |
| 4:28 | Scout Tower |
| 5:15 | Arcane Tower |
| 5:19 | Arcane Vault |
| 5:25 | Arcane Sanctum |
| 5:31 | Rifleman |
| 5:55 | Farm |
| 5:58 | Circlet of Nobility |
| 6:07 | Boots of Speed |
| 6:20 | Storm Bolt |
| 6:33 | Priest |
| 6:37 | Lesser Clarity Potion |
| 6:38 | Scroll of Regeneration |
| 6:59 | Rifleman |
| 7:17 | Priest |
| 7:32 | Rifleman |
| 8:03 | Rifleman |
| 8:11 | Farm |
| 8:32 | Black Gunpowder |
| 8:38 | Summon Water Elemental |
| 8:55 | Bash |
| 9:22 | Scroll of Healing |
| 9:25 | Scroll of Healing |
| 9:26 | Scroll of Protection |
| 9:26 | Circlet of Nobility |
| 10:43 | Rifleman |
| 10:44 | Spell Breaker |
| 11:13 | Storm Bolt |
| 11:28 | Brilliance Aura |
| 11:37 | Rifleman |
| 11:38 | Spell Breaker |
| 12:14 | Rifleman |
| 12:15 | Spell Breaker |
| 13:46 | Bash |
| Right click | 667 |
| Select | 301 |
| Select group | 212 |
| Build/train/purchase | 78 |
| Misc. action | 67 |
| Assign group | 26 |
| Chat | 19 |
| Use ability | 8 |
| Remove unit | 1 |
34 units @ 3.7k
/ 0.7k
13 buildings @ 2.3k
/ 0.9k


| Staff of Preservation | 1 | 150 |
| Potion of Healing | 2 | 300 |
| Boots of Speed | 1 | 250 |
| total: | 4 | 700g |
| Wisp | 19 | 1140 | / | 0 |
| Archer | 6 | 780 | / | 60 |
| Dryad | 5 | 725 | / | 300 |
| Druid of the Claw | 4 | 1020 | / | 320 |
| total: | 34 | 3665g | / | 680w |
| Altar of Elders | 1 | 180 | / | 50 |
| Moon Well | 5 | 900 | / | 200 |
| Ancient of War | 1 | 150 | / | 60 |
| Ancient of Wonders | 2 | 180 | / | 60 |
| Hunter's Hall | 1 | 210 | / | 100 |
| Tree of Life | 1 | 340 | / | 185 |
| Ancient of Lore | 2 | 310 | / | 290 |
| Tree of Ages | 1 | 320 | / | 180 |
| Tree of Eternity | 1 | 330 | / | 200 |
| total: | 13 | 2270g | / | 945w |
| 0:03 | Wisp |
| 0:03 | Wisp |
| 0:03 | Wisp |
| 0:05 | Altar of Elders |
| 0:18 | Moon Well |
| 0:23 | Ancient of War |
| 0:30 | Wisp |
| 0:40 | Wisp |
| 0:47 | Wisp |
| 0:58 | Wisp |
| 1:15 | Wisp |
| 1:24 | Archer |
| 1:27 | Wisp |
| 1:28 | Wisp |
| 1:34 | Moon Well |
| 1:36 | Wisp |
| 1:42 | Wisp |
| 1:59 | Ancient of Wonders |
| 2:01 | Wisp |
| 2:08 | Evasion |
| 2:30 | Wisp |
| 2:31 | Tree of Ages |
| 2:36 | Archer |
| 2:53 | Hunter's Hall |
| 3:04 | Mana Burn |
| 3:05 | Archer |
| 3:23 | Archer |
| 3:35 | Archer |
| 3:39 | Moon Well |
| 3:47 | Archer |
| 5:22 | Ancient of Lore |
| 5:23 | Ancient of Lore |
| 5:24 | Wisp |
| 5:24 | Wisp |
| 5:25 | Wisp |
| 5:26 | Ancient of Wonders |
| 5:33 | Frost Arrows |
| 6:49 | Dryad |
| 6:56 | Moon Well |
| 6:58 | Tree of Eternity |
| 7:02 | Abolish Magic |
| 7:19 | Dryad |
| 7:21 | Druid of the Claw Adept Training |
| 7:42 | Boots of Speed |
| 7:51 | Dryad |
| 7:57 | Mana Burn |
| 8:04 | Staff of Preservation |
| 8:04 | Potion of Healing |
| 8:28 | Druid of the Claw |
| 8:45 | Forked Lightning |
| 8:52 | Moon Well |
| 9:15 | Tree of Life |
| 9:26 | Druid of the Claw Master Training |
| 9:58 | Druid of the Claw |
| 10:24 | Potion of Healing |
| 10:27 | Dryad |
| 10:33 | Evasion |
| 10:57 | Druid of the Claw |
| 11:29 | Druid of the Claw |
| 11:39 | Dryad |
| 12:15 | Wisp |
| 12:16 | Wisp |
| 12:25 | Strength of the Wild |
| Right click | 813 |
| Select | 293 |
| Select group | 193 |
| Build/train/purchase | 72 |
| Use ability | 53 |
| Assign group | 37 |
| Esc | 8 |
| Chat | 4 |
| Item give/drop | 2 |